 Dungeon Crawl Stone Soup version 0.29-a0-775-g4d7333d4e2 (webtiles) character file.

Game seed: 8858592062837856183

2667 kae the Destroyer (level 9, -4/45 HPs)
             Began as a Tengu Fire Elementalist on July 1, 2022.
             Was an Initiate of Ru.
             Slain by a water moccasin (6 damage)
             ... on level 7 of the Dungeon.
             The game lasted 00:08:54 (9866 turns).

kae the Destroyer (Tengu Fire Elementalist)         Turns: 9866, Time: 00:08:55

Health: -4/45      AC:  9    Str: 10    XL:     9   Next: 63%
Magic:  13/18      EV: 14    Int: 19    God:    Ru [......]
Gold:   367        SH:  0    Dex: 14    Spells: 3/19 levels left

rFire   . . .      SeeInvis +   t - +7 spear
rCold   . . .      Faith    .   (no shield)
rNeg    . . .      Spirit   .   a - +0 robe
rPois   .          Reflect  .   (helmet restricted)
rElec   .          Harm     .   (no cloak)
rCorr   .          Rampage  .   D - +2 pair of gloves
Will    .....                   (boots unavailable)
Stlth   ++........              i - amulet of magic regeneration
HPRegen 0.15/turn               v - ring of see invisible
MPRegen 0.56/turn               O - +4 ring of protection

@: lethally poisoned (-4 -> -9), flying quickly and evasively, quick
A: beak, talons 3, nimble flight
a: Renounce Religion, Sacrifice Purity, Sacrifice Experience, Sacrifice Love,
Reject Sacrifices


You were on level 7 of the Dungeon.
You worshipped Ru.
Ru was noncommittal.
You visited 1 branch of the dungeon, and saw 8 of its levels.

You collected 447 gold pieces.
You spent 80 gold pieces at shops.


Innate Abilities, Weirdness & Mutations

You have a beak for a mouth.
You have claws for feet.
Your magical nature lets you fly swiftly and evasively.


   Skills:
 - Level 2.1 Dodging
 - Level 2.0 Stealth
 + Level 5.5 Spellcasting
 * Level 10.6 Conjurations
 * Level 9.6 Fire Magic


You had 3 spell levels left.
You knew the following spells:

 Your Spells              Type           Power      Damage    Failure   Level
a - Foxfire               Conj/Fire      100%       2x1d9     1%          1
b - Scorch                Fire           82%        2d9       1%          2
c - Conjure Flame         Conj/Fire      43%        6-21      1%          3
d - Inner Flame           Hex/Fire       23%        N/A       4%          3
e - Flame Wave            Conj/Fire      43%        2d9       1%          4
f - Sting                 Tmut/Pois      20%        1d4       12%         1
g - Blink                 Tloc           10%        N/A       19%         2

Your spell library contained the following spells:

 Spells                   Type           Power      Damage    Failure   Level
 Static Discharge         Conj/Air       25%        3-7/arc   1%          2
 Poisonous Vapours        Pois/Air       10%        N/A       19%         2
 Lightning Bolt           Conj/Air       12%        1d26      36%         5
 Olgreb's Toxic Radiance  Pois           5%         N/A       75%         4
 Manifold Assault         Tloc           5%         N/A       97%         5
 Storm Form               Tmut/Air       2%         N/A       100%        7
 Maxwell's Capacitive Co  Air            2%         ∞         100%        8

Inventory:

Hand Weapons
 e - a +0 dagger
   (You found it on level 1 of the Dungeon)
 f - a +0 falchion
   (You found it on level 1 of the Dungeon)
 r - a +1 dagger of flaming
   (You found it on level 2 of the Dungeon)
 t - a +7 spear (weapon)
   (You took it off a gnoll on level 3 of the Dungeon)
 y - a +0 glaive of draining
   (You took it off Maggie on level 6 of the Dungeon)
Missiles
 j - 38 stones
 Q - 6 javelins
 R - 4 atropa-tipped darts
Armour
 a - a +0 robe (worn)
 h - a +0 leather armour
   (You took it off a bouda on level 6 of the Dungeon)
 l - a +0 robe
   (You took it off an orc wizard on level 7 of the Dungeon)
 m - a +0 robe
   (You took it off Blork the orc on level 6 of the Dungeon)
 o - a +0 robe of fire resistance
   (You found it on level 3 of the Dungeon)
 p - a +0 plate armour
   (You found it on level 6 of the Dungeon)
 u - a +0 leather armour
   (You found it on level 6 of the Dungeon)
 w - a +0 ring mail
   (You found it on level 6 of the Dungeon)
 x - +0 acid dragon scales
   (You took it off Maggie on level 6 of the Dungeon)
 D - a +2 pair of gloves (worn)
   (You found it on level 6 of the Dungeon)
 I - a +0 leather armour
   (You found it on level 7 of the Dungeon)
 J - a +0 cloak
   (You found it on level 7 of the Dungeon)
 L - a +0 robe
   (You took it off an orc wizard on level 7 of the Dungeon)
Magical Staves
 G - a staff of air {!a}
   (You found it on level 7 of the Dungeon)
Jewellery
 c - a ring of protection from cold
   (You found it on level 7 of the Dungeon)
 i - an amulet of magic regeneration (around neck)
   (You took it off a hobgoblin on level 1 of the Dungeon)
 v - a ring of see invisible (left hand)
   (You found it on level 2 of the Dungeon)
 C - a ring of protection from cold
   (You found it on level 2 of the Dungeon)
 O - a +4 ring of protection (right hand)
   (You took it off an orc on level 5 of the Dungeon)
Wands
 g - a wand of iceblast (4)
   (You found it on level 6 of the Dungeon)
 s - a wand of flame (12)
   (You found it on level 7 of the Dungeon)
Scrolls
 d - 2 scrolls of blinking {!r}
 H - a scroll of fear
Potions
 b - 2 potions of magic
 k - a potion of mutation {unknown}
 n - a potion of invisibility {unknown}
 q - a potion of brilliance
 z - 2 potions of lignification {!q}
 A - 3 potions of attraction {unknown}
 B - a potion of haste {unknown}
 E - a potion of cancellation {unknown}
 F - 3 potions of heal wounds {@q2}
 K - 3 potions of curing {@q1}
 M - a potion of berserk rage {!q}

Dungeon Overview and Level Annotations

Branches:
Dungeon (8/15) Zot: 26359  Temple (0/1) D:4
   Lair: D:8-11

Altars:
Cheibriados
Fedhas
Makhleb
Ru
Trog
Uskayaw

Shops:
D:4 !

Annotations:
D:7 Joseph

#.†....#.# #.# #.. ######...# #.#
#.# ##.## #.# #.# #.# #.# #.# #.#
#.# #.# #.# #.# #.# #.# #.# #.#
#.# ##### #.# #.# #.# #.†@# #.#
#.# #.# ###.†S### #.# #.# #.#
#.......#######.# #.#
#######.####...............# #.#
#..................###.########.#
#.#####...........## #..........#
..# ########...## ############
### #####


You could see a water moccasin (combustible).


Message History

You kill the white imp!
You feel sick.
You feel sick. 😨 HP[-1] MP[-1]
You take 1 damage, and now have 17/45 hp.
You lost 1 mp, and now have 14/18 mp.
Casting: Scorch (safe; 1% risk of failure)
Confirm with . or Enter, or press ? or * to list all spells.
You can't see any susceptible monsters within range! (Use Z to cast anyway.)
Casting: Scorch (safe; 1% risk of failure)
Confirm with . or Enter, or press ? or * to list all spells.
You can't see any susceptible monsters within range! (Use Z to cast anyway.)
You start resting.
You feel sick. 😨 HP[-1] MP[+1]
You take 1 damage, and now have 16/45 hp.
You start resting.
You feel sick. x2
You are no longer poisoned. 😨 HP[-2] MP[+1]
You take 2 damage, and now have 14/45 hp.
You start resting. 😨 HP[+1] MP[+2]
Your mp is fully restored (18).
You start resting. 😕 HP[+23]
You regained 23 hp, and now have 38/45 hp.
You fly downwards.
An orc warrior comes into view. It is wielding a +0 scimitar.
A howler monkey comes into view.
There is a stone staircase leading up here.
There are monsters nearby! 😕 HP[+1]
An orc comes into view. It is wielding a +0 flail.
The orc warrior unwields a +0 scimitar.
The orc warrior wields a +2 arbalest of freezing.
It is covered in frost.
The orc warrior shoots a bolt.
The bolt hits you! The bolt freezes you. 😮 HP[-13]
You take 13 damage, and now have 26/45 hp.
MASSIVE DAMAGE!! (PAUSE)
Casting: Scorch (safe; 1% risk of failure)
Confirm with . or Enter, or press ? or * to list all spells.
The fire begins to smoulder!
The orc warrior shoots a bolt.
The bolt hits you.
* * * LOW HITPOINT WARNING * * *
The bolt freezes you.
* * * LOW HITPOINT WARNING * * *
😨 HP[-7] MP[-3]
You take 7 damage, and now have 19/45 hp.
You lost 3 mp, and now have 15/18 mp.
A water moccasin comes into view.
The orc warrior shoots a bolt.
The bolt closely misses you.
The fire ignites! 😨 MP[+1]
The water moccasin hisses angrily. 😨 MP[+1] 😨 MP[+1]
Your mp is fully restored (18). 😨 HP[+1]
The water moccasin barely misses you.
The water moccasin attacks as you move away!
The water moccasin misses you.
The howler monkey hoots and howls with incredible vigour!
You hear an angry buzzing noise.
You hear a shout! x4
There is a stone staircase leading up here.
The water moccasin bites you.
* * * LOW HITPOINT WARNING * * *
You are poisoned.
The water moccasin poisons you!
You fly upwards.
Level annotation: Joseph
* * * LOW HITPOINT WARNING * * *
You feel very sick.
There is a stone staircase leading down here. 😱 HP[-10]
You take 10 damage, and now have 10/45 hp.
MASSIVE DAMAGE!! (PAUSE) Unknown command.
Casting: Conjure Flame (safe; 1% risk of failure)
Confirm with . or Enter, or press ? or * to list all spells.
Flames lash the water moccasin.
The water moccasin's fire resistance burns away.
* * * LOW HITPOINT WARNING * * *
You feel sick. The water moccasin bites you.
* * * LOW HITPOINT WARNING * * *
The water moccasin barely misses you.
* * * LOW HITPOINT WARNING * * *
You feel sick. The water moccasin bites you.
* * * LOW HITPOINT WARNING * * *
😱 HP[-7] MP[-1]
You take 7 damage, and now have 3/45 hp.
You lost 1 mp, and now have 17/18 mp.
Casting: Scorch (safe; 1% risk of failure)
Confirm with . or Enter, or press ? or * to list all spells.
Casting: Flame Wave (dangerous; 1% risk of failure)
Press: ? - help, Dir - look around, f - activate A wave of flame ripples out!
The flame wave engulfs the water moccasin.
The water moccasin is burned terribly! (Press . to intensify the flame waves.)
* * * LOW HITPOINT WARNING * * *
You feel sick. The water moccasin misses you. The water moccasin bites you.
You die...

Skill      XL: |  1  2  3  4  5  6  7  8  9 |
---------------+----------------------------+-----
Conjurations   | 2 3 4 5 7 9 10 | 10.6
Fire Magic     | 4 5 6 8 9 |  9.6
Spellcasting   | 3 4 5 |  5.5
Dodging        | |  2.1
Stealth        | |  2.0

Action                   |  1- 3 |  4- 6 |  7- 9 || total
-------------------------+-------+-------+-------++-------
Melee: Unarmed           |     2 |       |       ||     2
       Dagger            |       |       |     4 ||     4
       Spear             |       |       |    25 ||    25
       Peck              |       |       |     8 ||     8
       Kick              |       |       |     7 ||     7
       Punch             |       |       |     1 ||     1
 Cast: Foxfire           |    47 |   126 |   131 ||   304
       Scorch            |    17 |    22 |    68 ||   107
       Conjure Flame     |       |     1 |     4 ||     5
       Inner Flame       |       |       |    11 ||    11
       Flame Wave        |       |       |     3 ||     3
  Use: Potion            |     2 |     3 |     1 ||     6
       Scroll            |       |     4 |     9 ||    13
Armor: Robe              |     6 |     5 |    30 ||    41
Dodge: Dodged            |    25 |    29 |    76 ||   130

Levels and vault maps discovered:
D:1:      lightli_arrival_flooded_house, layout_loops_ring,
          ebering_ecumenical_altar_sacrificial
D:2:      layout_basic, basic_altar
D:3:      wander_river, layout_basic, trog_book
D:4:      layout_cave_pools, nicolae_ru_awakened_eye, temple_hall, serial_shops,
          shop, kennysheep_small_circle
D:5:      layout_rooms, slow_altar_1, nicolae_uskayaw_suspiria,
          lemuel_tele_altar, minmay_misc_feat_rugged
D:6:      layout_basic, demons_altar, st_stairs_9, uniq_maggie,
          uniq_blork_the_orc
D:7:      layout_loops_ring, uniq_menkaure, uniq_joseph, uniq_prince_ribbit1
D:8:      layout_basic, mainiacjoe_overflow_tiny_flanked,
          kiku_gazebo_pond_becter, due_lair_maze_entry_diamond, uniq_gastronok

Notes
Turn   | Place    | Note
-------+----------+-------------------------------------------
     0 | D:1      | kae the Tengu Fire Elementalist began the quest for the
                  | Orb.
     0 | D:1      | Reached XP level 1. HP: 10/10 MP: 4/4
     0 | D:1      | magus.rc [v1.11.3]
   269 | D:1      | Reached skill level 2 in Conjurations
   269 | D:1      | Reached XP level 2. HP: 15/15 MP: 3/6
   272 | D:1      | Learned a level 2 spell: Scorch
   358 | D:1      | Found a faded altar of an unknown god.
   855 | D:2      | Reached XP level 3. HP: 19/19 MP: 2/7
   859 | D:2      | Learned a level 3 spell: Conjure Flame
   951 | D:2      | Reached skill level 4 in Fire Magic
  1100 | D:2      | HP: 4/19 [adder (1)]
  1102 | D:2      | HP: 1/19 [adder (1)]
  1105 | D:2      | Reached skill level 3 in Conjurations
  1111 | D:2      | HP: 4/19 [poisoned by an adder]
  1475 | D:2      | Reached XP level 4. HP: 24/24 MP: 8/8
  1519 | D:2      | Found a burning altar of Makhleb.
  2195 | D:3      | HP: 6/24 [gnoll/+3 spear (8)]
  2599 | D:3      | Found a bloodstained altar of Trog.
  2659 | D:3      | Gained mutation: Your magical nature lets you fly swiftly
                  | and evasively. [Tengu growth]
  2659 | D:3      | Reached XP level 5. HP: 28/28 MP: 8/10
  2664 | D:3      | Reached skill level 4 in Conjurations
  2669 | D:3      | Learned a level 3 spell: Inner Flame
  2850 | D:3      | Reached skill level 5 in Fire Magic
  2889 | D:3      | You add the spells Sting, Poisonous Vapours and Olgreb's
                  | Toxic Radiance to your library.
  3211 | D:3      | Reached skill level 3 in Spellcasting
  3429 | D:4      | Found Vim Luec's Distillery.
  3485 | D:4      | Reached XP level 6. HP: 32/32 MP: 11/11
  3485 | D:4      | Bought a potion of berserk rage for 50 gold pieces
  3485 | D:4      | Bought a potion of lignification for 30 gold pieces
  3499 | D:4      | You add the spells Blink, Manifold Assault and Storm Form
                  | to your library.
  3585 | D:4      | Reached skill level 5 in Conjurations
  4119 | D:4      | Reached skill level 6 in Fire Magic
  4119 | D:4      | Reached XP level 7. HP: 36/36 MP: 9/13
  4153 | D:4      | Found a sacrificial altar of Ru.
  4247 | D:4      | Found a staircase to the Ecumenical Temple.
  4295 | D:4      | Became a worshipper of Ru the Awakened
  4319 | D:5      | Entered Level 5 of the Dungeon
  4354 | D:5      | Reached skill level 6 in Conjurations
  4658 | D:5      | You pick up a book of Lightning and begin reading...
  4658 | D:5      | You add the spells Static Discharge, Lightning Bolt and
                  | Maxwell's Capacitive Coupling to your library.
  4840 | D:5      | Found a snail-covered altar of Cheibriados.
  5160 | D:5      | Found a blossoming altar of Fedhas.
  5366 | D:5      | Found a hide-covered altar of Uskayaw.
  5450 | D:6      | Reached skill level 4 in Spellcasting
  5450 | D:6      | Reached skill level 7 in Conjurations
  5793 | D:6      | Reached XP level 8. HP: 41/41 MP: 15/15
  6163 | D:6      | Reached skill level 7 in Fire Magic
  6300 | D:6      | Learned a level 4 spell: Flame Wave
  6302 | D:6      | Learned a level 1 spell: Sting
  6305 | D:6      | Found a burning altar of Makhleb.
  6528 | D:6      | Reached skill level 8 in Conjurations
  6529 | D:6      | HP: 10/41 [poisoned by a scorpion]
  6534 | D:6      | HP: 5/41 [poisoned by a scorpion]
  6788 | D:6      | Noticed Blork the orc
  6800 | D:6      | Killed Blork the orc
  7446 | D:6      | Noticed Maggie
  7449 | D:6      | HP: 5/41 [Maggie/bolt of fire (21)]
  7887 | D:6      | Killed Maggie
  7888 | D:6      | Reached skill level 9 in Conjurations
  7888 | D:6      | Reached skill level 8 in Fire Magic
  8246 | D:7      | Reached XP level 9. HP: 45/45 MP: 17/17
  8262 | D:7      | Learned a level 2 spell: Blink
  8299 | D:7      | Reached skill level 5 in Spellcasting
  8374 | D:7      | Noticed Joseph
  8413 | D:7      | Noticed Menkaure
  8420 | D:7      | Killed Menkaure
  8556 | D:7      | Noticed Prince Ribbit
  8571 | D:7      | Killed Prince Ribbit
  8572 | D:7      | Reached skill level 9 in Fire Magic
  8652 | D:7      | Reached skill level 10 in Conjurations
  9353 | D:7      | HP: 9/45 [killer bee (3)]
  9357 | D:7      | HP: 4/45 [poisoned by a killer bee]
  9863 | D:7      | HP: 10/45 [poisoned by a water moccasin]
  9865 | D:7      | HP: 4/45 [poisoned by a water moccasin]
  9866 | D:7      | Slain by a water moccasin

Vanquished Creatures
  Maggie (D:6)
  Prince Ribbit (D:7)
  Menkaure (D:7)
  An ogre (D:4)
  A centaur (D:7)
  2 phantoms
  Blork the orc (D:6)
  4 bullfrogs
  5 scorpions
  2 howler monkeys (D:8)
  5 killer bees
  4 iron imps
  2 jellies
  A bouda (D:6)
  2 hounds
  An orc priest (D:3)
  4 iguanas
  4 orc wizards
  12 gnolls
  10 adders
  A white imp (D:7)
  2 ufetubi
  A worm (D:3)
  3 dart slugs
  23 orcs
  6 endoplasms
  4 giant cockroaches
  7 goblins
  6 hobgoblins
  4 jackals (D:2)
  2 quokkas (D:1)
  10 ball pythons
  7 bats
  4 frilled lizards
  9 kobolds
  6 rats
159 creatures vanquished.

Vanquished Creatures (others)
  486 foxfires
  33 fungi (D:8)
  30 plants (D:8)
549 creatures vanquished.

Grand Total: 708 creatures vanquished

Table legend:
 A = Non-vault XP
 B = Vault XP
 C = Vault XP percentage of total XP
 D = Non-vault monster count
 E = Vault monster count
 F = Vault count percentage of total count
                 A         B        C        D         E       F
            +---------+---------+-------+---------+---------+-------
      Total |    2465 |    1345 |  35.3 |     147 |      12 |   7.5
            +---------+---------+-------+---------+---------+-------
        D:1 |      33 |       0 |   0.0 |      24 |       0 |   0.0
        D:2 |      58 |       0 |   0.0 |      20 |       0 |   0.0
        D:3 |     205 |       0 |   0.0 |      30 |       0 |   0.0
        D:4 |     376 |      13 |   3.3 |      23 |       1 |   4.2
        D:5 |     340 |      43 |  11.2 |      15 |       1 |   6.2
        D:6 |     413 |     840 |  67.0 |      14 |       8 |  36.4
        D:7 |     794 |     449 |  36.1 |      16 |       2 |  11.1
        D:8 |     246 |       0 |   0.0 |       5 |       0 |   0.0
            +---------+---------+-------+---------+---------+-------

Illustrated notes

Table legend:
 A = Kills in this place as a percentage of kills in entire the game.
 B = Kills by you in this place as a percentage of kills by you in the entire game.
 C = Kills by friends in this place as a percentage of kills by friends in the entire game.
 D = Other kills in this place as a percentage of other kills in the entire game.
 E = Experience gained in this place as a percentage of experience gained in the entire game.
 F = Experience gained in this place divided by the number of levels of this place that you have seen.
                   A       B       C       D       E      F
               +-------+-------+-------+-------+-------+----------------------
         Total | 100.0 | 100.0 |   N/A |   N/A | 100.0 | 476.2
       Dungeon | 100.0 | 100.0 |   N/A |   N/A | 100.0 | 476.2
               +-------+-------+-------+-------+-------+----------------------

Table legend: (Time is in decaauts)
 A = Elapsed time spent in this place.
 B = Non-inter-level travel time spent in this place.
 C = Inter-level travel time spent in this place.
 D = Time resting spent in this place.
 E = Time spent auto-exploring this place.
 F = Levels seen in this place.
 G = Mean time per level.
                   A        B        C        D        E       F      G
               +--------+--------+--------+--------+--------+-----+--------+
         Total |   9534 |   9203 |    331 |   2146 |   5520 |   8 | 1191.8 |
       Dungeon |   9534 |   9203 |    331 |   2146 |   5520 |   8 | 1191.8 |
               +--------+--------+--------+--------+--------+-----+--------+

Top non-repeatable levels by time:
     D:6: 2343 daAuts
     D:7: 1593 daAuts
     D:5: 1303 daAuts
     D:2: 1259 daAuts
     D:3: 1242 daAuts
     D:4: 860 daAuts
     D:1: 850 daAuts
     D:8: 81 daAuts
